 Seeded DCSS version 0.29-a0-111-gbaf749a769 (webtiles) character file.

Game seed: 13219885370010268331 (custom seed)

6 Hubjo the Sneak (level 1, 0/14 HPs)
             Began as a Vampire Enchanter on Feb 17, 2022.
             Slain by a jackal (1 damage)
             ... on level 1 of the Dungeon.
             The game lasted 00:00:41 (235 turns).

Hubjo the Sneak (Vampire Enchanter)                  Turns: 235, Time: 00:00:42

Health: 0/14       AC:  2    Str:  7    XL:     1   Next: 75%
Magic:  3/3        EV: 12    Int: 17    God:
Gold:   14         SH:  0    Dex: 14    Spells: 4/4 levels left

rFire   . . .      SeeInvis +   a - +1 dagger
rCold   . . .      Faith    .   (no shield)
rNeg    . . .      Spirit   .   b - +0 robe
rPois   .          Reflect  .   (no helmet)
rElec   .          Harm     .   (no cloak)
rCorr   .          Rampage  .   (no gloves)
Will    .....                   (no boots)
Stlth   +++.......              (no amulet)
HPRegen 0.24/turn               (no ring)
MPRegen 0.08/turn               (no ring)

@: healing quickly
A: alive, fangs 3, see invisible, vampiric 1
a: Exsanguinate


You were on level 1 of the Dungeon.
You visited 1 branch of the dungeon, and saw 1 of its levels.

You collected 14 gold pieces.

Inventory:

Hand Weapons
 a - a +1 dagger (weapon)
Armour
 b - a +0 robe (worn)
Jewellery
 f - an amulet of the acrobat
Scrolls
 d - a scroll of fear {unknown}
 e - 2 scrolls of identify {unknown}
 h - a scroll of teleportation {unknown}
Potions
 c - a potion of invisibility
 g - a potion of mutation {unknown}
 i - 2 potions of berserk rage {unknown}


   Skills:
 * Level 0.4 Fighting
 + Level 1.2 Short Blades
 + Level 2.3 Dodging
 * Level 4.7 Stealth
 - Level 2.0 Spellcasting
 + Level 4.4 Hexes


You had 4 spell levels left.
You didn't know any spells.
Your spell library contained the following spells:

 Spells                   Type           Power      Damage    Failure   Level
 Confusing Touch          Hex            16%        N/A       10%         3
 Tukima's Dance           Hex            16%        N/A       10%         3
 Ensorcelled Hibernation  Hex/Ice        18%        N/A       12%         2
 Dazzling Flash           Conj/Hex       18%        N/A       24%         3


Dungeon Overview and Level Annotations

Branches:
Dungeon (1/15)

Altars:

Shops:
D:1 :


Innate Abilities, Weirdness & Mutations

Your natural rate of healing is accelerated.
You have razor-sharp teeth.
You have supernaturally acute eyesight. (SInv)
You are afflicted with vampirism.


Message History

Your giant cockroach barely misses the jackal.
The jackal barely misses your giant cockroach.
Your giant cockroach barely misses the jackal.
The jackal barely misses your giant cockroach.
Your giant cockroach bites the jackal but does no damage.
The jackal bites your giant cockroach but does no damage.
The jackal closely misses your giant cockroach.
Your giant cockroach closely misses the jackal.
The jackal bites your giant cockroach but does no damage.
Your giant cockroach bites the jackal but does no damage.
The jackal bites your giant cockroach but does no damage.
Your giant cockroach closely misses the jackal.
The jackal barely misses your giant cockroach.
Your giant cockroach barely misses the jackal.
The jackal misses your giant cockroach.
Your giant cockroach closely misses the jackal.
The jackal barely misses your giant cockroach.
Your giant cockroach bites the jackal.
The jackal completely misses your giant cockroach.
The jackal bites your giant cockroach.
Your giant cockroach barely misses the jackal.
The jackal barely misses your giant cockroach.
Your giant cockroach barely misses the jackal.
The jackal bites your giant cockroach.
Your giant cockroach dies!
Your giant cockroach's corpse dissolves into shadows!
The jackal barely misses you. The jackal bites you.
The jackal closely misses you. The jackal bites you.
The jackal bites you but does no damage.
The jackal barely misses you. The jackal closely misses you.
The jackal barely misses you. The jackal bites you.
* * * LOW HITPOINT WARNING * * *
The jackal bites you.
* * * LOW HITPOINT WARNING * * *
The jackal bites you.
* * * LOW HITPOINT WARNING * * *
The jackal bites you.
You die...

....#+#..#
....##....# .....
.#.# #........#
..... #.# #.....#
..)...# #.#
##.....# .......
##.# #..##..#
....... ..#
#.####....# .....#.
#.# #.# ..[..#
###.##.###.#####h#
......#
##..##..#...##.h@#
......#
##...##.#.#..#.###
......#
##.#.##.#.##....#
.....##
................#
.....#
........#.#####...#
........#.# ##.#
####....#.# .# ##
###..#.# # .#
#..#..


You could see 2 jackals.

Vanquished Creatures
  An endoplasm (D:1)
  A goblin (D:1)
  A jackal (D:1)
  A bat (D:1)
4 creatures vanquished.

Vanquished Creatures (collateral kills)
  A jackal (D:1)
1 creature vanquished.

Grand Total: 5 creatures vanquished

Notes
Turn   | Place    | Note
-------+----------+-------------------------------------------
     0 | D:1      | Hubjo the Vampire Enchanter began the quest for the Orb.
     0 | D:1      | Reached XP level 1. HP: 13/13 MP: 3/3
    11 | D:1      | Found Arhuwn's Book Shop.
   235 | D:1      | Slain by a jackal

Illustrated notes

Levels and vault maps discovered:
D:1:      dpeg_arrival_tiny_d, layout_rooms, serial_shops, shop,
          dilly_ecumenical_altar_fadedgnrine, nicolae_wormholes

Action                   || total
-------------------------++-------
Melee: Dagger            ||    42
       Bite              ||     3
  Use: Scroll            ||     1
 Stab: Sleeping          ||     1
Armor: Robe              ||    12
Dodge: Dodged            ||    56

Table legend: (Time is in decaauts)
 A = Elapsed time spent in this place.
 B = Non-inter-level travel time spent in this place.
 C = Inter-level travel time spent in this place.
 D = Time resting spent in this place.
 E = Time spent auto-exploring this place.
 F = Levels seen in this place.
 G = Mean time per level.
                   A        B        C        D        E       F      G
               +--------+--------+--------+--------+--------+-----+--------+
         Total |    232 |    232 |      0 |      0 |    100 |   1 |  232.0 |
       Dungeon |    232 |    232 |      0 |      0 |    100 |   1 |  232.0 |
               +--------+--------+--------+--------+--------+-----+--------+

Top non-repeatable levels by time:
     D:1: 232 daAuts
